Map: Orbital Shipyard

Players

Burt - Winner!

  • Race: Terran Terran
  • League: Platinum

Killua

  • Race: Protoss Protoss
  • League: Platinum

VOD

Have the link to the VOD?

Description

Time

  • Played on: Jan. 3, 2016, 2 p.m.
  • Length: 19:03
Show
View Real Time Build Order
Export as new Build Order

Burt Terran - Winner!

Build Orders: Reaper Expand, MMM Bio 

Get SALT Encoding   

  12  0:01  SCV  
  13  0:13  SCV  
  14  0:19  Supply Depot  
  14  0:25  SCV  
  15  0:40  SCV  
  15  0:42  Barracks  
  16  0:45  Refinery  
  16  0:52  SCV  
  17  1:05  SCV  
  18  1:17  SCV  
  19  1:28  Reaper  
  19  1:29  Orbital Command  
  20  1:45  Supply Depot  
  20  1:55  SCV  
  20  1:56  Command Center  
  21  2:04  Marine  
  22  2:13  SCV  
  23  2:17  Refinery  
  23  2:20  Factory  
  23  2:21  Marine  
  24  2:25  SCV  
  25  2:38  SCV  
  25  2:39  Marine  
  27  2:54  SCV  
  27  2:59  Engineering Bay  
  27  3:02  Marine  
  27  3:04  Barracks  
  28  3:07  Factory Tech Lab, Starport  
  28  3:09  Orbital Command  
  28  3:11  SCV  
  29  3:20  Marine  
  29  3:23  SCV  
  31  3:28  Missile Turret  
  31  3:31  Missile Turret  
  31  3:34  SCV  
  31  3:35  SCV  
  33  3:43  Cyclone  
  36  3:53  Barracks Reactor  
  36  3:59  SCV x2  
  36  4:02  Refinery  
  38  4:04  Refinery  
  38  4:10  Supply Depot  
  38  4:11  Terran Infantry Weapons Level 1, SCV x2  
  40  4:24  Starport Reactor  
  40  4:34  SCV x2  
  40  4:35  Marine x2  
  40  4:36  Marine  
  47  4:39  Stimpack  
  47  4:41  Factory Tech Lab  
  45  4:46  SCV  
  45  4:47  SCV  
  47  4:53  Supply Depot  
  47  4:55  Supply Depot, Marine  
  47  4:56  Marine x2  
  47  4:57  Liberator  
  47  4:58  SCV  
  47  4:59  SCV  
  52  5:05  Supply Depot  
  52  5:11  SCV x2  
  54  5:14  Siege Tank, Marine  
  54  5:16  Medivac  
  63  5:26  Ghost Academy  
  63  5:27  SCV x2  
  65  5:33  Marine x2  
  65  5:34  Supply Depot  
  67  5:39  SCV x2  
  69  5:43  Supply Depot  
  69  5:44  Missile Turret  
  69  5:46  Marine  
  70  5:52  Siege Tank  
  73  5:57  SCV  
  73  5:59  SCV  
  75  6:05  Terran Infantry Armor Level 1  
  75  6:08  Barracks  
  75  6:11  SCV  
  75  6:12  SCV  
  75  6:13  Barracks, Marine  
  78  6:19  Ghost  
  78  6:24  Medivac  
  82  6:37  SCV x2  
  82  6:38  Missile Turret  
  82  6:39  Combat Shields, Missile Turret, Marine x2  
  85  6:40  Missile Turret  
  85  6:46  Supply Depot  
  86  6:49  SCV  
  86  6:50  Ghost  
  89  7:04  Marine x4  
  93  7:22  Marine x2  
  96  7:24  Ghost  
  96  7:26  Barracks Reactor  
  96  7:27  Barracks Reactor  
  96  7:29  SCV x2  
  99  7:31  Raven  
  99  7:32  Widow Mine x2  
  105  7:52  Marine x2  
  105  7:53  Marine  
  108  8:01  Widow Mine  
  110  8:06  Supply Depot, Marine x3, Widow Mine  
  110  8:07  Marine  
  110  8:10  Marine x2  
  118  8:27  Marine x4  
  118  8:28  Marine  
  118  8:40  Marine  
  118  8:41  Marine  
  120  8:42  Widow Mine x2  
  120  8:45  Marine x4  
  109  9:01  Marine  
  109  9:02  Marine x2  
  95  9:03  Marine  
  95  9:09  Marine x3  
  94  9:19  Marine x3  
  94  9:20  Hellion x2  
  94  9:21  Raven, Marine  
  101  9:47  Liberator  
  78  10:10  Marine  
  78  10:11  Marine x6  
  78  10:13  Hellion x2  
  69  10:28  Marine x2  
  69  10:29  Marine  
  69  10:30  Marine x4  
  69  10:33  SCV x2  
  76  10:45  SCV  
  76  10:46  Marine x2  
  76  10:47  Viking  
  76  10:48  Marauder  
  83  10:50  Command Center  
  83  10:55  Marine x4  
  87  11:03  Liberator  
  87  11:04  Marine  
  82  11:10  Marauder  
  75  11:17  Marine x5  
  75  11:18  Widow Mine x2  
  77  11:22  Marine  
  85  11:31  Factory, Marine  
  80  11:33  Factory  
  80  11:34  Marine  
  80  11:35  Marine x2  
  83  11:42  Marine x3  
  86  11:52  Armory  
  86  11:55  SCV  
  87  12:14  Planetary Fortress  
  87  12:16  SCV x2  
  87  12:22  Refinery x2  
  89  12:28  SCV x2  
  91  12:34  Factory Tech Lab x2  
  91  12:35  Marine  
  91  12:36  Marine x4  
  96  12:40  SCV x2  
  98  12:52  SCV x3  
  98  12:53  Terran Infantry Weapons Level 2  
  98  12:56  Terran Vehicle And Ship Armor Level 1, Liberator  
  101  12:59  Thor  
  101  13:04  SCV x2  
  109  13:06  Command Center, SCV  
  110  13:12  Liberator  
  110  13:16  SCV x2  
  110  13:18  SCV  
  116  13:26  Ghost  
  118  13:28  SCV  
  122  13:40  Cyclone  
  125  13:42  Cyclone  
  125  13:46  Marine x3  
  131  14:17  SCV x2  
  131  14:23  Refinery  
  133  14:26  Refinery  
  133  14:32  Siege Tank  
  133  14:33  Siege Tank x2  
  133  14:34  Viking x2  
  133  14:35  Marine x3  
  133  14:36  Marine x4  
  153  14:47  Planetary Fortress  
  153  14:53  Marine x2  
  153  14:55  Refinery  
  153  14:56  Missile Turret  
  153  14:58  Refinery  
  155  15:05  Marine  
  156  15:10  Supply Depot  
  156  15:12  Supply Depot  
  156  15:28  Supply Depot  
  156  15:31  Ghost  
  156  15:32  SCV x2, Siege Tank, Marine  
  156  15:34  SCV, Siege Tank  
  168  15:36  Terran Infantry Armor Level 2  
  168  15:37  Terran Vehicle And Ship Armor Level 2  
  168  15:42  Liberator  
  168  15:44  SCV x2, Engineering Bay  
  170  15:54  Missile Turret  
  170  15:57  Thor  
  170  15:58  Missile Turret, Liberator  
  170  16:01  Missile Turret  
  179  16:06  Supply Depot  
  179  16:08  Supply Depot  
  179  16:10  Supply Depot  
  179  16:14  Ghost  
  179  16:15  Marine  
  179  16:16  Marine x3  
  188  16:24  Marine  
  189  16:26  Siege Tank x2  
  195  16:42  Marine x5  
  200  17:24  Missile Turret  
  200  17:32  Command Center  
  200  17:37  Command Center  
  161  18:30  Marine x2  
  161  18:31  Marine x2  
Show
View Real Time Build Order
Export as new Build Order

Killua Protoss 

Build Orders:  

Get SALT Encoding   

  12  0:01  Probe (Chrono Boost)  
  13  0:13  Pylon  
  13  0:18  Probe (Chrono Boost)  
  14  0:28  Probe (Chrono Boost)  
  15  0:35  Gateway  
  15  0:40  Probe (Chrono Boost)  
  16  0:48  Assimilator  
  16  0:51  Probe (Chrono Boost)  
  17  1:00  Pylon  
  17  1:01  Probe (Chrono Boost)  
  18  1:12  Probe (Chrono Boost)  
  19  1:22  Probe (Chrono Boost)  
  19  1:25  Cybernetics Core  
  22  1:33  Probe (Chrono Boost)  
  23  1:53  Nexus  
  21  1:58  Assimilator  
  21  2:04  Mothership Core (Chrono Boost)  
  22  2:15  Pylon  
  22  2:17  Stalker  
  24  2:26  Probe (Chrono Boost)  
  25  2:30  Warp Gate  
  26  2:37  Probe (Chrono Boost)  
  26  2:57  Probe (Chrono Boost)  
  27  3:01  Stalker  
  27  3:02  Robotics Facility  
  29  3:06  Probe (Chrono Boost)  
  29  3:10  Probe (Chrono Boost)  
  31  3:18  Gateway  
  31  3:21  Gateway  
  31  3:25  Probe (Chrono Boost)  
  32  3:28  Probe (Chrono Boost)  
  33  3:37  Probe (Chrono Boost)  
  33  3:38  Probe (Chrono Boost)  
  33  3:39  Stalker  
  37  3:49  Observer  
  37  3:53  Probe (Chrono Boost), Pylon  
  37  3:54  Probe (Chrono Boost)  
  40  3:58  Pylon  
  40  4:02  Assimilator  
  40  4:05  Assimilator  
  40  4:08  Probe (Chrono Boost)  
  41  4:14  Forge  
  41  4:19  Observer  
  41  4:23  Probe (Chrono Boost)  
  41  4:24  Probe (Chrono Boost)  
  44  4:35  Probe (Chrono Boost)  
  45  4:40  Twilight Council  
  45  4:43  Observer  
  45  4:44  Pylon  
  46  4:47  Probe (Chrono Boost)  
  46  4:49  Protoss Ground Armor Level 1  
  48  4:53  Probe (Chrono Boost)  
  48  4:55  Pylon  
  48  4:58  Probe (Chrono Boost)  
  49  5:03  Probe (Chrono Boost)  
  50  5:07  Gateway  
  50  5:14  Probe (Chrono Boost)  
  51  5:20  Immortal  
  55  5:24  Probe (Chrono Boost)  
  55  5:27  Gateway  
  56  5:33  Probe x2 (Chrono Boost)  
  58  5:35  Resonating Glaives (Chrono Boost)  
  58  5:44  Probe  
  58  5:45  Forge  
  59  5:54  Probe  
  60  6:01  Probe  
  61  6:04  Immortal  
  61  6:05  Probe  
  61  6:07  Sentry  
  61  6:08  Adept  
  61  6:10  Adept  
  72  6:14  Photon Cannon  
  72  6:15  Probe  
  72  6:16  Photon Cannon  
  73  6:19  Protoss Ground Weapons Level 1  
  73  6:22  Pylon  
  73  6:25  Sentry  
  75  6:26  Probe  
  76  6:36  Probe  
  76  6:38  Pylon  
  77  6:41  Probe  
  82  6:47  Probe, Immortal  
  82  6:49  Protoss Ground Armor Level 2  
  82  6:51  Pylon  
  83  6:57  Probe  
  83  6:59  Probe  
  85  7:02  Stalker  
  85  7:05  Stalker  
  85  7:07  Stalker  
  85  7:08  Probe  
  91  7:10  Pylon  
  91  7:15  Probe  
  93  7:16  Blink (Chrono Boost)  
  93  7:18  Probe  
  93  7:20  Pylon  
  94  7:25  Sentry  
  94  7:26  Gateway  
  94  7:29  Sentry, Probe  
  98  7:30  Adept  
  98  7:36  Pylon  
  101  7:39  Probe  
  101  7:43  Gateway  
  102  7:59  Immortal  
  102  8:04  Robotics Facility  
  106  8:07  Robotics Bay  
  106  8:20  Stalker x2  
  106  8:21  Stalker x2  
  114  8:28  Pylon  
  114  8:29  Pylon  
  114  8:31  Pylon  
  104  8:42  Pylon  
  95  8:55  Stalker x4  
  87  8:56  Stalker  
  79  9:06  Immortal (Chrono Boost)  
  76  9:14  Mothership Core, Probe  
  76  9:16  Protoss Ground Weapons Level 2  
  79  9:21  Colossus (Chrono Boost)  
  85  9:25  Probe  
  85  9:30  Pylon  
  86  9:34  Sentry x2  
  90  9:44  Probe  
  91  9:52  Zealot  
  89  9:53  Adept, Zealot  
  89  9:54  Adept  
  89  9:56  Probe  
  78  10:07  Immortal (Chrono Boost)  
  78  10:14  Pylon  
  78  10:15  Pylon  
  78  10:18  Pylon  
  78  10:19  Sentry  
  78  10:20  Sentry, Zealot  
  78  10:21  Adept  
  78  10:31  Pylon  
  78  10:34  Extended Thermal Lance  
  78  10:37  Adept  
  80  10:45  Adept  
  82  10:52  Adept  
  82  10:53  Probe, Adept  
  83  11:06  Stalker x2  
  83  11:14  Stalker x2  
  83  11:17  Stalker  
  78  11:33  Stalker x2  
  82  12:00  Nexus  
  81  12:01  Sentry  
  81  12:02  Sentry  
  81  12:04  Probe  
  86  12:16  Pylon  
  86  12:43  Pylon  
  88  12:44  Observer (Chrono Boost)  
  88  12:45  Observer (Chrono Boost)  
  88  12:53  Nexus  
  88  13:03  Pylon  
  88  13:20  Assimilator  
  88  13:22  Assimilator  
  88  13:32  Pylon  
  88  13:33  Sentry  
  90  13:41  Protoss Ground Armor Level 3 (Chrono Boost)  
  90  13:42  Stargate  
  90  13:46  Immortal  
  94  13:49  Probe  
  95  13:58  Protoss Ground Weapons Level 3 (Chrono Boost)  
  95  14:01  Probe  
  100  14:10  Immortal  
  100  14:15  Probe  
  101  14:17  Photon Cannon  
  101  14:25  Probe  
  102  14:35  Probe  
  102  14:36  Probe  
  104  14:41  Immortal  
  104  14:42  Fleet Beacon  
  104  14:43  Pylon  
  104  14:45  Photon Cannon  
  108  14:46  Probe  
  108  14:48  Photon Cannon  
  108  14:53  Adept  
  108  14:54  Adept  
  108  14:57  Probe  
  111  15:03  Pylon  
  111  15:05  Photon Cannon  
  109  15:07  Probe  
  109  15:14  Photon Cannon  
  110  15:15  Assimilator  
  110  15:20  Assimilator  
  110  15:26  Tempest (Chrono Boost)  
  110  15:27  Probe  
  110  15:28  Probe, Pylon  
  114  15:29  Probe  
  117  15:38  Gateway, Probe  
  117  15:39  Gateway  
  118  15:44  Pylon  
  118  15:56  Immortal  
  122  15:57  Immortal  
  122  16:01  Robotics Facility  
  126  16:14  Sentry, Pylon  
  126  16:15  Sentry, Probe  
  131  16:26  Nexus  
  131  16:30  Pylon  
  131  16:31  Pylon  
  131  16:38  Immortal  
  139  16:40  Immortal  
  138  16:49  Probe  
  138  16:50  Probe  
  140  16:55  Photon Cannon  
  140  16:58  Pylon  
  140  17:00  Immortal  
  144  17:03  Assimilator  
  144  17:07  Pylon, Assimilator  
  143  17:09  Stalker x2  
  147  17:15  Probe  
  148  17:29  Pylon  
  147  17:32  Pylon  
  147  17:37  Zealot x2  
  149  17:39  Pylon  
  154  17:44  Immortal  
  154  17:46  Tempest (Chrono Boost)  
  154  17:49  Stalker  
  143  18:05  Stalker  
  143  18:06  Stalker  
  135  18:15  Stalker x3  
  123  18:26  Stalker x2  
  107  18:31  Stalker  
  90  18:39  Stalker  
  90  18:40  Stalker x3  
  79  18:41  Probe  
  79  18:42  Probe  
  79  18:43  Probe  
  68  18:49  Stalker x2  
Tags
 
Add a new tag
Caveats
  • Supply blocks, unpowered buildings, or Contaminate may cause inaccurate times.
  • Supply counts are checked every 10 seconds.